 Dungeon Crawl Stone Soup version 0.24-a0-272-g1411513 (webtiles) character file.

Game seed: 872924786437212678

741786 Hasart the Demonic Blade (level 27, -5/224 HPs)
             Began as a Demonspawn Fighter on Apr 24, 2019.
             Was the Champion of Makhleb.
             Killed from afar by a Brimstone Fiend (23 damage)
             ... with damnation
             ... created by the effects of Hell
             ... on level 7 of Gehenna on Apr 25, 2019.
             The game lasted 03:35:58 (79761 turns).

Hasart the Demonic Blade (Demonspawn Fighter)      Turns: 79761, Time: 03:35:59

Health: -5/224     AC: 39    Str: 25    XL:     27
Magic:  38/38      EV: 20    Int:  9    God:    Makhleb [******]
Gold:   6065       SH: 28    Dex: 21    Spells: 41/46 levels left

rFire    + + .     SeeInvis .   N - +9 demon blade (freeze)
rCold    + + +     Gourm    .   Y - +5 large shield of Zyucvyuwapp {Dex+5 Stlth+}
rNeg     + + .     Faith    .   Z - +7 gold dragon scales
rPois    +         Spirit   .   L - +0 helmet "Jynan" {rPois rC+ MR+}
rElec    +         Reflect  .   S - scarf {rC+ rF+}
rCorr    .         Harm     .   H - +2 pair of gloves {Dex+3}
MR       +++++     Rnd*Rage +   (boots unavailable)
Stlth    ++++......             x - necklace of Bloodlust {*Rage +Rage MR++ Int-3 Slay+6 *Curse}
HPRegen  0.47/turn              W - ring of Peareasm {rElec rPois AC+5 Slay+2}
MPRegen  0.26/turn              A - ring of Onuasm Duti {rElec rN+ MP+9 Str+2 Dex-2}

@: berserk cooldown
A: hooves 3, deterioration 1, dopey 1, low mp 2, negative energy resistance 1,
nightstalker 3, poison resistance, powered by pain 3, 50% torment resistance, no
potion heal 1, black mark, sturdy frame 3
}: 5/15 runes: serpentine, barnacled, silver, icy, abyssal
a: Minor Destruction, Lesser Servant of Makhleb, Major Destruction, Greater
Servant of Makhleb, Renounce Religion, Evoke Berserk Rage


You were on level 7 of Gehenna.
You worshipped Makhleb.
Makhleb was exalted by your worship.
You were hungry.

You visited 13 branches of the dungeon, and saw 63 of its levels.
You visited the Abyss 3 times.
You visited 1 bazaar.
You also visited: Gauntlet and Ice Cave.

You collected 8551 gold pieces.
You spent 2486 gold pieces at shops.

Inventory:

Hand Weapons
 g - the +3 demon blade of the Dwarven Hall {elec, *Slow rElec rN+++ Dex+2}
   (Okawaru gifted it to you on level 2 of the Lair of Beasts)

   Occasionally, upon striking a foe, it will discharge some electrical energy
   and cause terrible harm.
   It affects your dexterity (+2).
   It insulates you from electricity.
   It renders you almost immune to negative energy.
   It may slow you when you take damage.
 u - a +9 demon blade of flaming
 F - the +9 double sword of the Common Good {distort, Str+3}
   (Okawaru gifted it to you on level 3 of the Snake Pit)

   It warps and distorts space around it.
   Unwielding it can cause banishment or high damage.
   It affects your strength (+3).
 N - a +9 demon blade of freezing (weapon)
 R - the +8 demon blade "Leech" {vamp, rN+ AC-3 EV-3}
   (Okawaru gifted it to you on level 4 of the Snake Pit)

   It inflicts no extra harm, but heals its wielder when it wounds a living foe.
   It affects your AC (-3).
   It affects your evasion (-3).
   It protects you from negative energy.
Missiles
 l - 15 throwing nets (quivered)
Armour
 c - the +1 chain mail "Hagaic" {rPois rCorr MP-9 Str+4}
   (You found it on level 3 of the Lair of Beasts)

   It affects your strength (+4).
   It protects you from poison.
   It affects your magic capacity (-9).
   It provides partial protection from all sources of acid and corrosion.
 i - the +10 large shield of Ignorance {rN+ Int-4}
   (You found it on level 2 of the Orcish Mines)

   It affects your intelligence (-4).
   It protects you from negative energy.
 H - a +2 pair of gloves of dexterity (worn)
 L - the +0 helmet "Jynan" (worn) {rPois rC+ MR+}
   (You found it in a Gauntlet)

   It protects you from cold.
   It protects you from poison.
   It affects your resistance to hostile enchantments.
 S - a scarf of resistance (worn)
 Y - the +5 large shield of Zyucvyuwapp (worn) {Dex+5 Stlth+}
   (Okawaru gifted it to you on level 5 of the Vaults)

   It affects your dexterity (+5).
   It makes you more stealthy.
 Z - +7 gold dragon scales (worn)
Jewellery
 b - an uncursed ring of see invisible
 r - the amulet of Dawn {Gourm rF+}
   (You bought it in a shop on level 2 of the Vaults)

   [amulet of the gourmand]

   It allows you to eat raw meat even when not hungry.
   It protects you from fire.
 x - the necklace of Bloodlust (around neck) {*Rage +Rage MR++ Int-3 Slay+6 *Curse}
   (You found it on level 4 of the Dungeon)

   [amulet of rage]

   It affects your intelligence (-3).
   It affects your accuracy and damage with ranged weapons and melee attacks
   (+6).
   It affects your resistance to hostile enchantments.
   It lets you go berserk.
   It may make you go berserk in combat.
   It curses itself when equipped.
 A - the ring of Onuasm Duti (right hand) {rElec rN+ MP+9 Str+2 Dex-2}
   (You took it off a naga ritualist on level 4 of the Snake Pit)

   [ring of strength]

   It affects your strength (+2).
   It affects your dexterity (-2).
   It insulates you from electricity.
   It protects you from negative energy.
   It affects your magic capacity (+9).
 W - the ring of Peareasm (left hand) {rElec rPois AC+5 Slay+2}
   (You found it on level 3 of the Elven Halls)

   [ring of protection]

   It affects your AC (+5).
   It affects your accuracy and damage with ranged weapons and melee attacks
   (+2).
   It insulates you from electricity.
   It protects you from poison.
Wands
 j - a wand of acid (27)
 G - a wand of digging (10)
 M - a wand of clouds (21)
 O - a wand of scattershot (11)
 Q - a wand of iceblast (34)
Scrolls
 a - a scroll of silence
 h - 21 scrolls of identify
 k - 3 scrolls of magic mapping
 o - 6 scrolls of fear
 q - 13 scrolls of teleportation
 s - 3 scrolls of enchant armour
 t - 22 scrolls of remove curse
 w - 9 scrolls of blinking
 y - 5 scrolls of brand weapon
 E - 4 scrolls of fog
Potions
 d - 3 potions of might
 m - 10 potions of mutation
 p - 3 potions of resistance
 z - 13 potions of flight
 B - 3 potions of ambrosia
 C - 2 potions of magic
 D - 9 potions of haste
 J - 2 potions of invisibility
 K - 9 potions of agility
 P - 9 potions of heal wounds
 V - 37 potions of curing
 X - 5 potions of cancellation
Comestibles
 f - 59 rations


   Skills:
 + Level 19.9 Fighting
 * Level 24.4 Long Blades
 + Level 18.5 Armour
 + Level 17.9 Dodging
 - Level 8.0 Stealth
 + Level 18.5 Shields
 - Level 10.0 Spellcasting
 + Level 7.9 Charms
 + Level 9.4 Necromancy
 + Level 7.9 Air Magic
 + Level 14.5 Invocations
 - Level 8.0 Evocations


You had 41 spell levels left.
You knew the following spells:

 Your Spells              Type           Power        Failure   Level  Hunger
a - Swiftness             Chrm/Air       ###.....     10%         2    #......
b - Regeneration          Chrm/Necr      ###.......   14%         3    ##.....

Your spell library contained the following spells:

 Spells                   Type           Power        Failure   Level  Hunger
 Animate Skeleton         Necr           N/A          3%          1    None
 Pain                     Necr           ###.         3%          1    None
 Corpse Rot               Necr           N/A          4%          2    #......
 Sublimation of Blood     Necr           ###.......   4%          2    #......
 Vampiric Draining        Necr           ###.......   10%         3    ##.....
 Shock                    Conj/Air       ##..         32%         1    None
 Animate Dead             Necr           N/A          32%         4    ####...
 Poisonous Vapours        Pois/Air       ##....       43%         2    #......
 Airstrike                Air            ###.......   52%         4    ####...
 Spectral Weapon          Hex/Chrm       ##......     67%         3    ##.....
 Static Discharge         Conj/Air       ##......     67%         3    ##.....
 Agony                    Necr           ###.....     67%         5    ######.
 Dispel Undead            Necr           ###.....     67%         5    ######.
 Excruciating Wounds      Chrm/Necr      ###.......   77%         5    ######.
 Apportation              Tloc           #.....       85%         1    None
 Beastly Appendage        Tmut           #.....       85%         1    None
 Confusing Touch          Hex            #.....       85%         1    None
 Corona                   Hex            #......      85%         1    None
 Sting                    Conj/Pois      #...         85%         1    None
 Summon Butterflies       Summ           #.......     85%         1    None
 Summon Small Mammal      Summ           #...         85%         1    None
 Mephitic Cloud           Conj/Pois/Air  #.......     86%         3    ##.....
 Call Imp                 Summ           #.......     94%         2    #......
 Ensorcelled Hibernation  Hex/Ice        #.....       94%         2    #......
 Sticks to Snakes         Tmut           #.......     94%         2    #......
 Summon Lightning Spire   Summ/Air       ##......     97%         4    ####...
 Call Canine Familiar     Summ           #.......     99%         3    ##.....
 Confuse                  Hex            #.......     99%         3    ##.....
 Dazzling Spray           Conj/Hex       #.....       99%         3    ##.....
 Gell's Gravitas          Tloc           #.........   99%         3    ##.....
 Ignite Poison            Fire/Tmut/Pois #.......     99%         3    ##.....
 Lesser Beckoning         Tloc           #.........   99%         3    ##.....
 Recall                   Summ/Tloc      N/A          99%         3    ##.....
 Spider Form              Tmut/Pois      #.........   99%         3    ##.....
 Summon Guardian Golem    Hex/Summ       #.......     99%         3    ##.....
 Tukima's Dance           Hex            #.......     99%         3    ##.....
 Death Channel            Necr           ###.......   99%         6    #######
 Cause Fear               Hex            #.........   100%        4    ####...
 Ice Form                 Ice/Tmut       #.......     100%        4    ####...
 Olgreb's Toxic Radiance  Pois           #.......     100%        4    ####...
 Petrify                  Tmut/Erth      #.......     100%        4    ####...
 Summon Ice Beast         Ice/Summ       #.......     100%        4    ####...
 Alistair's Intoxication  Tmut/Pois      #.......     100%        5    ######.
 Aura of Abjuration       Summ           #.........   100%        5    ######.
 Blade Hands              Tmut           #.........   100%        5    ######.
 Bolt of Draining         Conj/Necr      ##........   100%        5    ######.
 Bolt of Magma            Conj/Fire/Erth #.........   100%        5    ######.
 Borgnjor's Vile Clutch   Necr/Erth      ##........   100%        5    ######.
 Fireball                 Conj/Fire      #.........   100%        5    ######.
 Irradiate                Conj/Tmut      #.........   100%        5    ######.
 Iskenderun's Battlesphe  Conj/Chrm      ##......     100%        5    ######.
 Lightning Bolt           Conj/Air       ##........   100%        5    ######.
 Metabolic Englaciation   Hex/Ice        #.........   100%        5    ######.
 Silence                  Hex/Air        ##........   100%        5    ######.
 Summon Forest            Summ/Tloc      #.........   100%        5    ######.
 Summon Mana Viper        Hex/Summ       #.......     100%        5    ######.
 Venom Bolt               Conj/Pois      #.........   100%        5    ######.
 Yara's Violent Unravell  Hex/Tmut       #.........   100%        5    ######.
 Bolt of Cold             Conj/Ice       #.........   100%        6    #######
 Bolt of Fire             Conj/Fire      #.........   100%        6    #######
 Deflect Missiles         Chrm/Air       ###.......   100%        6    #######
 Freezing Cloud           Conj/Ice/Air   #.........   100%        6    #######
 Hydra Form               Tmut           #.........   100%        6    #######
 Invisibility             Hex            #.......     100%        6    #######
 Iron Shot                Conj/Erth      #.........   100%        6    #######
 Ozocubu's Refrigeration  Ice            #.........   100%        6    #######
 Simulacrum               Ice/Necr       ##........   100%        6    #######
 Statue Form              Tmut/Erth      #........    100%        6    #######
 Dragon Form              Tmut           #.........   100%        7    #######
 Haunt                    Necr/Summ      ##........   100%        7    #######
 Malign Gateway           Summ/Tloc      #.........   100%        7    #######
 Monstrous Menagerie      Summ           #.........   100%        7    #######
 Orb of Destruction       Conj           #.........   100%        7    #######
 Ring of Flames           Chrm/Fire      ##........   100%        7    #######
 Spellforged Servitor     Conj/Summ      #.........   100%        7    #######
 Summon Greater Demon     Summ           #.........   100%        7    #######
 Summon Hydra             Summ           #.........   100%        7    #######
 Borgnjor's Revivificati  Necr           ###.......   100%        8    #######
 Death's Door             Chrm/Necr      ###.......   100%        8    #######
 Discord                  Hex            #.........   100%        8    #######
 Ignition                 Fire           #.........   100%        8    #######
 Infestation              Necr           ###.......   100%        8    #######
 Necromutation            Tmut/Necr      ##........   100%        8    #######
 Summon Horrible Things   Summ           #.........   100%        8    #######
 Shatter                  Erth           #.........   100%        9    #######
 Tornado                  Air            ###.......   100%        9    #######


Dungeon Overview and Level Annotations

Branches:
Dungeon (15/15)            Temple (1/1) D:5            Lair (6/6) D:11
 Shoals (4/4) Lair:4        Snake (4/4) Lair:2        Slime (0/5) Lair:6
    Orc (2/2) D:11            Elf (3/3) Orc:2        Vaults (5/5) D:14
  Crypt (3/3) Vaults:2       Tomb (0/3) Crypt:3      Depths (5/5) D:15
   Hell (1/1)                 Dis (0/7) Hell            Geh (7/7) Hell
    Coc (7/7) Hell            Tar (0/7) Hell            Zot (0/5) Depths:5

Altars:
Ashenzari
Dithmenos
Elyvilon
Fedhas
Gozag
Kikubaaqudgha
Makhleb
Nemelex Xobeh
Okawaru
Qazlal
Ru
Sif Muna
Uskayaw
Vehumet
Xom
Yredelemnul
Zin
The Shining One
Lugonu

Shops:
D:11 *!   Orc:2 :([*:*(   Elf:1 :   Elf:2 =}}   Shoals:1 }   Shoals:3 (
Snake:2 !   Vaults:1 [   Vaults:2 *   Vaults:3 !%**   Vaults:5 [   Depths:4 }

Portals:
Hell: Depths:1 Depths:2 Depths:3 Depths:4 Depths:5
Abyss: Depths:1 Depths:2 Depths:4 Depths:5
Pandemonium: Depths:3 Depths:4
Ziggurat: Depths:3
Trove: D:11 (give +7 demon blade)

Annotations:
Shoals:1 1 runed translucent door, Fet Luno's ghost, adept GnFE


Innate Abilities, Weirdness & Mutations

You have hooves in place of feet.
You resist negative energy. (rN+)
You are completely attuned to the shadows.
You are powered by pain.
You are somewhat able to resist unholy torments (1 in 2 success).
Your melee attacks may debilitate your foes.
Your movements are significantly less encumbered by armour. (ER -6)
Your body sometimes deteriorates upon taking damage.
You are dopey. (Int -2)
Your magical capacity is very low. (-20% MP)
Your system is resistant to poisons. (rPois)
Potions are less effective at restoring your health.


Message History

The hell hog breathes fire at you.
The fireball explodes!
The fireball engulfs you. You resist.
* * * LOW HITPOINT WARNING * * *
The fireball engulfs the sun demon.
The sun demon completely resists.
The fireball engulfs your balrug.
Your balrug completely resists.
The fireball engulfs the balrug.
The balrug completely resists.
The fireball engulfs the Brimstone Fiend.
The Brimstone Fiend completely resists.
The fireball engulfs the hell hog!
The hell hog resists.
The balrug gestures at your balrug. The sticky flame misses you.
The sticky flame hits your balrug but does no damage.
Your balrug is covered in liquid flames!
You block the reaper's attack. You block the sun demon's attack.
The Brimstone Fiend gestures at your balrug.
The sphere of damnation explodes!
The damnation engulfs your balrug!!!
The damnation engulfs the Brimstone Fiend.
The Brimstone Fiend completely resists.
The damnation engulfs you!!
You die...

§≈............#....≈≈#
§≈≈§.....#...####...§#
...≈§≈≈§§≈§§.........# ##.§§≈#
.2§≈≈≈≈≈§§§≈........####..≈§§#
.§§≈≈≈≈≈§≈§§§.)).)...##..§..≈#
...25≈§≈§≈≈....)))........§§≈#
...CC§5○.≈≈≈.#.#))).......§§§
..≈.§≈..§.≈...##21).......§≈§
....≈§§.C°..^.##@3.......§.§
..≈≈§§≈≈.°○.°z##2h........§
.≈≈≈≈§§§§≈○○.☼.234.).......§
..§≈§≈§≈§§..5..15.........≈≈
§≈§§≈§≈≈§≈≈..............§§≈§
.≈≈≈≈≈ ≈≈≈.........##....§≈≈≈
..§≈§ §≈≈........####...≈≈≈
.§§§ ≈.........# #...§.§ ..≈≈
≈.........## ###...≈≈


You could see 2 Brimstone Fiends, a reaper, a balrug, a hell hog, a sun demon, a
smoke demon, a red devil, a crimson imp and a friendly balrug (burning).

Vanquished Creatures
  Antaeus (Coc:7)
  the Serpent of Hell (Geh:7)
  Mennas (Vaults:5)
  Mara (Depths:1)
  2 ancient liches
  2 juggernauts (Depths:3)
  Bai Suzhen (Depths:3)
  Saint Roka (Depths:1)
  11 shard shrikes
  Vashnia (Snake:3)
  5 golden dragons
  Nikola (Elf:1)
  Geryon (Hell)
  Jory (Depths:5)
  A hellephant (Abyss:4)
  10 Brimstone Fiends
  9 liches
  5 tentacled monstrosities
  6 Ice Fiends
  The ghost of Norchuf the Tortoise, an adept MiFi of the Shining One (Vaults:4)
  12 titans
  9 deep elf blademasters
  2 quicksilver dragons
  6 deep elf master archers
  2 tentacled starspawn (Abyss:3)
  10 sphinxes
  Frances (D:12)
  3 ancient champions
  2 eldritch tentacles
  A shadow dragon (shapeshifter) (Depths:3)
  A shadow dragon (Vaults:4)
  Kirke (Snake:1)
  5 storm dragons
  8 tengu reavers
  9 nagarajas
  2 revenants
  29 fire giants
  29 frost giants
  22 vault wardens
  An iron dragon (Depths:4)
  Aizul (Snake:4)
  6 balrugs
  A curse skull (Crypt:3)
  An orc warlord (Orc:1)
  2 ghouls (Crypt:2)
  3 draconian stormcallers
  6 deep elf elementalists
  7 war gargoyles
  2 elemental wellsprings (Coc:7)
  9 ironheart preservers
  21 reapers
  36 stone giants
  3 entropy weavers
  A caustic shrike skeleton (Depths:2)
  2 green draconians
  6 vampire knights
  A juggernaut skeleton (Crypt:2)
  8 deep elf annihilators
  37 starcursed masses
  11 very ugly things
  2 minotaurs
  A black draconian (Crypt:1)
  A dire elephant (Lair:6)
  2 lorocyprocas
  10 deep elf demonologists
  A dire elephant (shapeshifter) (Vaults:5)
  3 yellow draconians
  2 red draconians (Depths:5)
  A white draconian (Geh:3)
  A purple draconian (Depths:5)
  22 spark wasps
  5 eidola
  4 merfolk javelineers
  11 merfolk impalers
  5 deep elf death magi
  12 ettins
  3 blizzard demons
  A crystal guardian (Vaults:2)
  2 ettins (shapeshifter)
  5 jiangshi
  7 deep elf high priests
  2 green deaths
  9 fire dragons
  11 yaktaur captains
  3 quicksilver dragon zombies
  12 great orbs of eyes
  30 vault guards
  Josephine (Lair:5)
  2 kraken zombies
  2 quicksilver dragon skeletons
  11 hydras
  8 rakshasas
  15 naga warriors
  4 merfolk avatars
  2 catoblepae
  14 ice dragons
  6 spriggan air magi
  9 anacondas
  A death knight (Crypt:2)
  Erica (Lair:1)
  12 centaur warriors
  2 satyrs
  6 merfolk aquamancers
  An anaconda (shapeshifter) (Vaults:5)
  52 two-headed ogres
  An alligator snapping turtle (Shoals:4)
  24 dancing weapons
  5 vampire magi
  16 ogre magi
  A queen ant (Lair:4)
  15 deep troll shamans
  5 tengu warriors
  5 orc high priests
  3 death yaks (Lair:6)
  11 deep troll earth magi
  8 spriggan berserkers
  5 shock serpents
  15 naga sharpshooters
  60 hell knights
  65 hell hogs
  4 titan zombies
  8 soul eaters
  Sonja (Lair:3)
  4 iron golems
  13 sun demons
  8 titan skeletons
  6 wretched stars
  3 storm dragon zombies
  9 thrashing horrors
  30 deep elf knights
  9 iron trolls
  10 large abominations
  43 skeletal warriors
  6 salamander mystics
  A sixfirhy (Abyss:3)
  3 golden dragon zombies
  6 storm dragon skeletons
  9 unseen horrors
  15 small abominations
  4 shadow wraiths
  A glowing orange brain (shapeshifter) (Vaults:5)
  3 spatial maelstroms (Abyss:3)
  A ghost moth zombie (Geh:5)
  6 anaconda zombies
  7 glowing orange brains
  17 sea snakes
  A swamp dragon (Lair:6)
  17 flayed ghosts
  A deep troll (shapeshifter) (Vaults:3)
  6 naga ritualists
  31 deep trolls
  4 golden dragon skeletons
  An infernal demonspawn (Depths:4)
  A kraken simulacrum (Hell)
  7 wizards
  23 deep elf archers
  A harpy (shapeshifter) (Vaults:1)
  5 orange crystal statues
  3 lindwurms (Lair:6)
  20 necromancers
  3 shadow dragon zombies
  18 phantasmal warriors
  An orb spider (shapeshifter) (D:15)
  5 anaconda skeletons
  6 mana vipers
  A shining eye (shapeshifter) (Depths:3)
  12 harpies
  4 iron dragon zombies
  4 wolf spider zombies
  A mana viper (shapeshifter) (Depths:2)
  9 orc knights
  24 ironbrand convokers
  18 manticores
  15 fauns
  2 wolf spiders
  2 manticores (shapeshifter)
  A salamander (shapeshifter) (Depths:2)
  A cyclops (shapeshifter) (Vaults:2)
  15 salamanders
  5 orc sorcerers
  30 ugly things
  7 cyclopes
  2 tengu skeletons (Vaults:2)
  2 frost giant zombies
  4 stone giant zombies
  An oklob plant (Lair:1)
  72 deep elf magi
  5 human skeletons
  7 fire giant zombies
  8 frost giant skeletons
  A sphinx skeleton (Vaults:2)
  3 fire giant skeletons
  5 merfolk sirens
  A shock serpent zombie (Geh:6)
  3 shadow dragon skeletons
  6 guardian serpents
  7 rust devils
  12 smoke demons
  15 vault sentinels
  4 worldbinders
  6 stone giant skeletons
  2 dire elephant zombies (Geh:7)
  45 black mambas
  14 naga magi
  26 elephants
  9 water nymphs
  A black mamba (shapeshifter) (D:15)
  A minotaur zombie (Gauntlet)
  5 ice statues
  2 rime drakes (shapeshifter)
  An orange demon (Abyss:3)
  2 dire elephant skeletons
  5 rime drakes (Lair:6)
  A storm dragon simulacrum (Vaults:4)
  10 molten gargoyles
  7 spiny frogs
  5 gargoyles
  A shock serpent skeleton (Geh:2)
  2 kobold demonologists
  10 hellions
  2 yaktaurs (shapeshifter)
  An emperor scorpion zombie (Geh:7)
  3 yaktaur zombies (Vaults:4)
  A komodo dragon (shapeshifter) (Depths:2)
  14 tormentors
  9 efreet
  69 yaktaurs
  5 komodo dragons (Lair:6)
  An entropy weaver simulacrum (Vaults:1)
  2 catoblepas zombies
  17 ice devils
  2 tengu conjurers
  A catoblepas skeleton (Geh:4)
  25 freezing wraiths
  A yaktaur skeleton (Vaults:4)
  2 ancient zymes (Abyss:3)
  25 red devils
  An iron troll skeleton (Crypt:1)
  39 merfolk
  A yellow draconian skeleton (Geh:5)
  A merfolk (shapeshifter) (Depths:4)
  3 harpy zombies
  7 hydra zombies
  11 meliai
  2 tengu simulacra
  7 trolls
  A hornet (shapeshifter) (Vaults:3)
  A queen bee (Abyss:3)
  A wind drake (shapeshifter) (Vaults:5)
  15 polar bears (IceCv)
  6 hornets
  42 slime creatures
  Prince Ribbit (D:6)
  4 wind drakes
  4 bog bodies
  7 alligator zombies
  An iron dragon simulacrum (Hell)
  4 harpy skeletons
  A raiju (shapeshifter) (D:14)
  4 ettin zombies
  A slime creature (shapeshifter) (Vaults:5)
  6 snapping turtles
  2 hydra skeletons
  19 dream sheep
  2 hippogriffs (shapeshifter)
  2 sphinx simulacra
  3 air elementals
  4 ettin skeletons
  A fire dragon zombie (Geh:7)
  5 fire dragon skeletons
  2 ice dragon zombies
  10 hippogriffs
  3 black mamba zombies
  A spriggan (Depths:3)
  2 frost giant simulacra
  14 shadows
  85 flying skulls
  25 water elementals
  2 redbacks (Gauntlet)
  3 vampires
  6 ynoxinuls
  A spriggan (shapeshifter) (Depths:1)
  5 wyverns
  A wyvern (shapeshifter) (D:14)
  A black mamba skeleton (Hell)
  31 wraiths
  2 yaks (shapeshifter)
  2 ice dragon skeletons
  54 yaks
  4 alligator skeletons
  5 basilisks
  32 fire elementals
  6 hogs
  2 basilisks (shapeshifter)
  3 chaos spawn
  6 hungry ghosts
  A human (D:7)
  A steam dragon (Lair:6)
  2 neqoxecs
  A catoblepas simulacrum (Coc:7)
  6 spatial vortices (Abyss:3)
  2 wargs
  2 acid dragons
  A naga (shapeshifter) (Depths:4)
  13 soldier ants
  A merfolk zombie (Geh:3)
  A monstrous demonspawn zombie (Crypt:2)
  6 spiny frog zombies
  59 nagas
  3 hydra simulacra
  12 water moccasins
  6 floating eyes
  84 hell hounds
  3 spiny frog skeletons
  4 porcupines
  34 orc warriors
  A manticore zombie (Coc:6)
  A fire dragon simulacrum (Coc:5)
  2 swamp drakes (Lair:6)
  6 ice beasts
  2 black bears
  2 sky beasts
  An elf zombie (Vaults:4)
  2 human zombies (Vaults:4)
  7 necrophages
  6 snapping turtle zombies
  2 eyes of draining
  41 ogres
  7 phantoms
  An eye of draining (shapeshifter) (Vaults:4)
  A wolf (shapeshifter) (Vaults:2)
  An ogre (shapeshifter) (Vaults:4)
  14 wolves
  2 boggarts (shapeshifter)
  2 elf skeletons
  16 boggarts
  18 centaurs
  13 crocodiles
  4 snapping turtle skeletons
  3 swamp dragon skeletons
  2 manticore skeletons
  2 big kobolds
  8 earth elementals
  2 spiny frog simulacra (Coc:7)
  11 bullfrogs
  A glowing shapeshifter simulacrum (Vaults:2)
  A wyvern zombie (D:14)
  3 scorpions
  A wyvern skeleton (D:14)
  A water moccasin skeleton (D:7)
  A spriggan zombie (Coc:7)
  An elf simulacrum (Vaults:1)
  14 killer bees
  6 electric eels
  57 wights
  A bullfrog zombie (D:5)
  2 howler monkeys
  2 human simulacra
  3 quasits
  12 crimson imps
  A centaur zombie (D:5)
  4 hounds
  10 jellies
  24 orc wizards
  23 orc priests
  2 iron imps
  3 bullfrog skeletons
  6 centaur skeletons
  2 iguanas
  18 worker ants
  2 ogre zombies
  A centaur simulacrum (D:12)
  A crocodile skeleton (Crypt:2)
  A naga skeleton (Geh:7)
  A big kobold skeleton (Crypt:2)
  A hound zombie (D:6)
  2 hound skeletons
  A mummy (Coc:1)
  A howler monkey skeleton (D:9)
  6 gnolls (D:5)
  18 adders
  4 shadow imps
  22 white imps
  4 ufetubi
  11 oozes
  2 worms
  2 dart slugs
  7 leopard geckos
  65 orcs
  3 giant cockroaches
  7 goblins
  8 hobgoblins
  15 jackals
  17 kobolds
  A quokka (D:8)
  8 bats
  3 frilled lizards
  A goblin skeleton (Crypt:2)
  A jackal skeleton (D:5)
  2 kobold skeletons
  2 rats (D:1)
  A rat skeleton (Crypt:1)
  5 crawling corpses
  2 demonic plants (Gauntlet)
  A plant (Lair:1)
  A starspawn tentacle (Abyss:3)
  A tentacle (Hell)
  A withered plant (Crypt:3)
3332 creatures vanquished.

Vanquished Creatures (collateral kills)
  A hellion (Geh:7)
  A plant (Vaults:3)
2 creatures vanquished.

Vanquished Creatures (others)
  A fire giant (Abyss:4)
  A deep elf elementalist (Elf:3)
  A blizzard demon (Coc:7)
  A naga warrior (Snake:4)
  An anaconda (Snake:4)
  A hell hog (Hell)
  A shock serpent (Snake:4)
  2 naga sharpshooters
  A deep elf knight (Coc:7)
  2 hell knights (Hell)
  3 skeletal warriors (Hell)
  A flayed ghost (Crypt:3)
  A deep elf archer (Depths:1)
  An anaconda zombie (Geh:6)
  An anaconda skeleton (Hell)
  A salamander (Snake:3)
  An elephant (Lair:6)
  3 rust devils (Hell)
  A tormentor (Coc:1)
  A freezing wraith (Coc:7)
  3 flying skulls
  A shadow (Geh:4)
  A spiny frog zombie (Hell)
  A boggart (Depths:1)
  An ogre (Vaults:5)
  6 wights
  2 white imps (Coc:7)
  A butterfly (Lair:6)
  A fire vortex (Abyss:3)
  6 fungi
  2 lurking horrors (Abyss:3)
  23 plants
  4 starspawn tentacles (Abyss:3)
  7 tentacles
  6 toadstools (D:2)
91 creatures vanquished.

Grand Total: 3425 creatures vanquished

Notes
Turn   | Place    | Note
-------+----------+-------------------------------------------
     0 | D:1      | Hasart the Demonspawn Fighter began the quest for the Orb.
     0 | D:1      | Reached XP level 1. HP: 18/18 MP: 1/1
   329 | D:1      | Reached skill level 2 in Long Blades
   428 | D:1      | Gained mutation: You are slightly more attuned to the
                  | shadows. [demonic ancestry]
   428 | D:1      | Reached XP level 2. HP: 24/24 MP: 2/2
  1148 | D:2      | Found a faded altar of an unknown god.
  1157 | D:2      | Found a deep blue altar of Sif Muna.
  1309 | D:2      | Gained mutation: Your movements are slightly less
                  | encumbered by armour. (ER -2) [demonic ancestry]
  1309 | D:2      | Reached XP level 3. HP: 29/29 MP: 3/3
  1398 | D:2      | Found an ancient bone altar of Kikubaaqudgha.
  1802 | D:2      | Reached XP level 4. HP: 25/35 MP: 4/4
  1806 | D:2      | Reached skill level 3 in Long Blades
  2274 | D:2      | Gained mutation: You are significantly more attuned to the
                  | shadows. [demonic ancestry]
  2274 | D:2      | Reached XP level 5. HP: 38/42 MP: 5/5
  2526 | D:3      | Noticed an ogre
  3539 | D:4      | Found the cursed necklace of Bloodlust {*Rage +Rage MR++
                  | Int-3 Slay+6 *Curse}
  4070 | D:4      | Noticed an ogre
  4075 | D:4      | Killed an ogre
  4075 | D:4      | Reached skill level 4 in Long Blades
  4075 | D:4      | Reached XP level 6. HP: 33/48 MP: 6/6
  4512 | D:5      | Entered Level 5 of the Dungeon
  4835 | D:5      | Gained mutation: Your movements are less encumbered by
                  | armour. (ER -4) [demonic ancestry]
  4835 | D:5      | Reached XP level 7. HP: 40/55 MP: 7/7
  4928 | D:5      | Noticed a +0 dagger
  4928 | D:5      | Noticed a +0 hand axe
  4942 | D:5      | Found a staircase to the Ecumenical Temple.
  4976 | D:5      | Reached skill level 5 in Long Blades
  4980 | Temple   | Entered the Ecumenical Temple
  5065 | Temple   | Became a worshipper of Warmaster Okawaru
  5276 | D:5      | Reached skill level 1 in Invocations
  5591 | D:5      | Found a sacrificial altar of Ru.
  5591 | D:5      | Found a stormy altar of Qazlal.
  5592 | D:5      | Found a white marble altar of Elyvilon.
  5602 | D:5      | Found a burning altar of Makhleb.
  5654 | D:5      | Reached XP level 8. HP: 56/61 MP: 9/9
  5838 | D:5      | Found a hide-covered altar of Uskayaw.
  6123 | D:6      | Reached skill level 5 in Fighting
  6289 | D:6      | Noticed Prince Ribbit
  6427 | D:6      | Reached * piety under Okawaru
  6529 | D:6      | Killed Prince Ribbit
  6529 | D:6      | Reached skill level 6 in Long Blades
  6641 | D:6      | Got a transparent scale mail
  6652 | D:6      | Identified the +6 scale mail of the Endless Expanse {MR+}
                  | (You found it on level 6 of the Dungeon)
  6866 | D:7      | Reached skill level 5 in Armour
  6879 | D:7      | Reached skill level 5 in Shields
  7304 | D:7      | Found a glowing golden altar of the Shining One.
  7389 | D:7      | Gained mutation: Your movements are significantly less
                  | encumbered by armour. (ER -6) [demonic ancestry]
  7389 | D:7      | Reached XP level 9. HP: 43/69 MP: 12/12
  7647 | D:7      | Reached ** piety under Okawaru
  7652 | D:7      | Reached skill level 7 in Long Blades
  7657 | D:7      | Reached skill level 1 in Dodging
  7727 | D:7      | Noticed a gargoyle
  7737 | D:7      | Killed a gargoyle
  7737 | D:7      | Reached *** piety under Okawaru
  7737 | D:7      | Reached skill level 5 in Invocations
  7743 | D:7      | Found a blossoming altar of Fedhas.
  8275 | D:8      | Gained mutation: You sometimes gain a little power by
                  | taking damage. [demonic ancestry]
  8275 | D:8      | Reached XP level 10. HP: 77/77 MP: 14/14
  8333 | D:8      | Reached skill level 8 in Long Blades
  8855 | D:8      | Got a heavily runed scale mail
  8866 | D:8      | Identified the +2 scale mail of Misanthropy {Str+7} (You
                  | found it on level 8 of the Dungeon)
  9108 | D:8      | Reached **** piety under Okawaru
  9376 | D:9      | Noticed a two-headed ogre
  9382 | D:9      | Killed a two-headed ogre
  9518 | D:9      | Found a basalt altar of Yredelemnul.
  9532 | D:9      | Noticed a two-headed ogre
  9543 | D:9      | Killed a two-headed ogre
 10236 | D:9      | Noticed a two-headed ogre
 10245 | D:9      | Killed a two-headed ogre
 10733 | D:10     | Entered Level 10 of the Dungeon
 10849 | D:10     | Reached skill level 9 in Long Blades
 10883 | D:10     | Killed an unseen horror
 10960 | D:10     | Reached ***** piety under Okawaru
 11010 | D:10     | Reached XP level 11. HP: 54/84 MP: 16/16
 11061 | D:10     | Found a shadowy altar of Dithmenos.
 11092 | D:10     | Noticed a deep elf mage
 11098 | D:10     | Killed a deep elf mage
 11132 | D:10     | Noticed a two-headed ogre
 11492 | D:9      | Killed a two-headed ogre
 11492 | D:9      | Received a gift from Okawaru
 12205 | D:11     | Found a frozen archway.
 12234 | D:11     | Found Eniemm's General Store.
 12245 | D:11     | Found Roannys's Distillery.
 12277 | IceCv    | Entered an ice cave
 12360 | IceCv    | Received a gift from Okawaru
 12360 | IceCv    | Reached skill level 1 in Evocations
 13470 | IceCv    | Reached skill level 5 in Dodging
 13654 | IceCv    | Reached skill level 10 in Long Blades
 13736 | IceCv    | Reached skill level 1 in Stealth
 14368 | IceCv    | Noticed a frost giant
 14390 | IceCv    | Killed a frost giant
 14390 | IceCv    | Reached XP level 12. HP: 15/94 MP: 18/18
 14399 | IceCv    | HP: 10/211 [polar bear (3)]
 14406 | IceCv    | Gained mutation: Your system is resistant to poisons.
                  | (rPois) [potion of mutation]
 14406 | IceCv    | Gained mutation: You are dopey. (Int -2) [potion of
                  | mutation]
 14406 | IceCv    | Lost mutation: You are dopey. (Int -2) [potion of mutation]
 14408 | IceCv    | HP: 4/94 [yak (6)]
 15087 | D:11     | Found a staircase to the Lair.
 15092 | D:11     | Found a staircase to the Orcish Mines.
 15392 | D:11     | Found Xogext's Distillery.
 15423 | D:11     | Bought a potion of agility for 56 gold pieces
 15423 | D:11     | Bought a potion of heal wounds for 70 gold pieces
 15435 | D:11     | Found a portal to a secret trove of treasure.
 15447 | D:11     | Received a gift from Okawaru
 16139 | D:12     | Noticed Frances
 16155 | D:12     | Killed Frances
 16497 | D:12     | Identified the +3 leather armour "Uraipnyu" {rC++ rCorr}
 16911 | D:13     | Noticed a centaur warrior
 16920 | D:13     | Killed a centaur warrior
 16972 | D:13     | Reached skill level 11 in Long Blades
 17481 | D:14     | Noticed a centaur warrior
 17523 | Lair:1   | Entered Level 1 of the Lair of Beasts
 17708 | Lair:1   | Noticed a six-headed hydra
 17717 | Lair:1   | Killed a two-headed hydra
 17891 | Lair:1   | Noticed Erica
 17897 | Lair:1   | Killed Erica
 18313 | Lair:1   | Gained mutation: You sometimes gain power by taking damage.
                  | [demonic ancestry]
 18313 | Lair:1   | Reached XP level 13. HP: 101/101 MP: 19/19
 18695 | Lair:2   | Found a staircase to the Snake Pit.
 18735 | Lair:2   | Reached ****** piety under Okawaru
 18824 | Lair:2   | Received a gift from Okawaru
 18834 | Lair:2   | Got an ichor-stained demon blade {god gift}
 18835 | Lair:2   | Identified the +3 demon blade of the Dwarven Hall {elec,
                  | *Slow rElec rN+++ Dex+2} (Okawaru gifted it to you on level
                  | 2 of the Lair of Beasts)
 19708 | Lair:3   | Reached skill level 5 in Evocations
 19711 | Lair:3   | Noticed Sonja
 19732 | Lair:3   | Killed Sonja
 20767 | Lair:4   | Noticed an entropy weaver
 20775 | Lair:4   | Noticed an entropy weaver
 20854 | Lair:3   | Killed an entropy weaver
 21300 | Lair:4   | Killed an entropy weaver
 21332 | Lair:4   | Received a gift from Okawaru
 21345 | Lair:4   | Reached skill level 5 in Stealth
 21415 | Lair:4   | Found a staircase to the Shoals.
 22152 | Lair:5   | Reached skill level 12 in Long Blades
 22304 | Lair:5   | Reached skill level 10 in Fighting
 22380 | Lair:5   | Noticed Josephine
 22403 | Lair:5   | Killed Josephine
 22409 | Lair:5   | Reached XP level 14. HP: 110/110 MP: 20/20
 22411 | Lair:5   | Received a gift from Okawaru
 23382 | Lair:6   | Entered Level 6 of the Lair of Beasts
 23487 | Lair:6   | Found a gate leading to a gauntlet.
 23497 | Gauntlet | Entered a Gauntlet
 23497 | Gauntlet | Found a transporter.
 23535 | Gauntlet | Found a runed translucent door.
 23561 | Gauntlet | Found a transporter.
 23585 | Gauntlet | Found a transporter.
 23585 | Gauntlet | Found a transporter.
 23589 | Gauntlet | Found a runed translucent door.
 23593 | Gauntlet | Found a transporter.
 23643 | Gauntlet | Found a transporter.
 23658 | Gauntlet | Found a transporter.
 23680 | Gauntlet | Found a transporter.
 23680 | Gauntlet | Found a transporter.
 23687 | Gauntlet | Found a transporter.
 23693 | Gauntlet | Noticed an entropy weaver
 23718 | Gauntlet | Found a transporter.
 23718 | Gauntlet | Found a transporter.
 23748 | Gauntlet | Killed an entropy weaver
 23764 | Gauntlet | Got an ancient helmet
 23775 | Gauntlet | Identified the cursed +0 helmet "Jynan" {rPois rC+ MR+}
                  | (You found it in a Gauntlet)
 23897 | Gauntlet | Got a fine steel ring
 23898 | Gauntlet | Identified the ring "Cumeott" {Ice rN+ MR+ Dex+3} (You
                  | found it in a Gauntlet)
 24003 | Gauntlet | Identified Sif Muna's Disquisition on Cankerous Talismans
 24131 | Lair:6   | Found a staircase to the Slime Pits.
 24140 | Lair:6   | Received a gift from Okawaru
 24278 | Lair:6   | Reached skill level 13 in Long Blades
 24674 | Lair:6   | Reached skill level 10 in Armour
 24679 | Lair:6   | Reached skill level 10 in Shields
 25036 | Lair:6   | Received a gift from Okawaru
 25050 | Lair:6   | HP: 4/111 [manticore (8)]
 25981 | Lair:6   | Reached XP level 15. HP: 112/118 MP: 21/21
 26313 | Orc:1    | Entered Level 1 of the Orcish Mines
 26512 | Orc:1    | Received a gift from Okawaru
 26752 | Orc:2    | Entered Level 2 of the Orcish Mines
 26889 | Orc:2    | Found a staircase to the Elven Halls.
 26950 | Orc:2    | Found Gyaruad's General Store.
 27100 | Orc:2    | Found Gapt's Book Emporium.
 27394 | Orc:2    | Noticed an orc warlord
 27879 | Orc:1    | Killed an orc warlord
 28721 | Orc:2    | Found Puicouwn's Antique Armour Shop.
 28721 | Orc:2    | Found Sol Qiun's General Store.
 28721 | Orc:2    | Found Zid Xaru's Antique Weapon Boutique.
 28730 | Orc:2    | Found Zybakhluif's Book Shop.
 28747 | Orc:2    | Bought a pair of runed boots for 157 gold pieces
 28747 | Orc:2    | Bought a pair of glowing gloves for 157 gold pieces
 28747 | Orc:2    | Bought a crude plate armour for 588 gold pieces
 28762 | Orc:2    | Identified the +1 plate armour of Pantheism {rC+ Dex+2}
                  | (You bought it in a shop on level 2 of the Orcish Mines)
 28881 | Orc:2    | Found Nukiw's Antique Weapon Boutique.
 28905 | Orc:2    | Found a runed translucent door.
 28910 | Orc:2    | Found the +10 large shield of Ignorance {rN+ Int-4}
 28953 | Orc:2    | Found a runed translucent door.
 28981 | Orc:2    | Received a gift from Okawaru
 28992 | Orc:2    | Got a faintly humming cloak {god gift}
 29035 | Orc:2    | Identified the +2 cloak of Calculation {Int+4} (Okawaru
                  | gifted it to you on level 2 of the Orcish Mines)
 29128 | Orc:2    | Reached skill level 14 in Long Blades
 29190 | Orc:2    | Lost intelligence.
 29613 | D:14     | Found a gate to the Vaults.
 30294 | D:15     | Entered Level 15 of the Dungeon
 31502 | D:15     | Received a gift from Okawaru
 32309 | D:15     | Found a staircase to the Depths.
 32425 | Orc:2    | Reached XP level 16. HP: 127/127 MP: 22/22
 32577 | Snake:1  | Entered Level 1 of the Snake Pit
 32819 | Snake:1  | Noticed Kirke
 32829 | Snake:1  | Killed Kirke
 32829 | Snake:1  | Received a gift from Okawaru
 32971 | Snake:1  | Reached skill level 10 in Dodging
 33203 | Snake:1  | Reached skill level 15 in Long Blades
 33419 | Snake:2  | Found Uduhyfy's Distillery.
 33766 | Snake:2  | Found a basalt altar of Yredelemnul.
 33945 | Snake:2  | Received a gift from Okawaru
 35735 | Snake:3  | Noticed Vashnia
 35757 | Snake:3  | Killed Vashnia
 35757 | Snake:3  | Received a gift from Okawaru
 36624 | Snake:3  | Got an ancient double sword {god gift}
 36625 | Snake:3  | Identified the +9 double sword of the Common Good {distort,
                  | Str+3} (Okawaru gifted it to you on level 3 of the Snake
                  | Pit)
 36946 | Snake:3  | Received a gift from Okawaru
 37088 | Snake:3  | Reached XP level 17. HP: 93/135 MP: 23/23
 37521 | Snake:4  | Entered Level 4 of the Snake Pit
 38729 | Snake:4  | Reached skill level 16 in Long Blades
 38731 | Snake:4  | Received a gift from Okawaru
 38732 | Snake:4  | Found the +8 demon blade "Leech" {vamp, rN+ AC-3 EV-3}
 38906 | Snake:4  | Noticed Aizul
 38947 | Snake:4  | Killed Aizul
 39136 | Snake:4  | Received a gift from Okawaru
 39217 | Snake:4  | Got a serpentine rune of Zot
 39575 | Snake:4  | Identified the ring of Onuasm Duti {rElec rN+ MP+9 Str+2
                  | Dex-2}
 40197 | Shoals:1 | Entered Level 1 of the Shoals
 40608 | Shoals:1 | Found a runed translucent door.
 40608 | Shoals:1 | Noticed Fet Luno's ghost (adept GnFE)
 40716 | Shoals:1 | Found Puevym's Gadget Boutique.
 40779 | Shoals:1 | Gained mutation: You have large cloven feet. [demonic
                  | ancestry]
 40779 | Shoals:1 | Reached XP level 18. HP: 144/144 MP: 24/24
 41070 | Shoals:1 | Received a gift from Okawaru
 41204 | Shoals:2 | Found a transporter.
 41317 | Shoals:2 | Found a transporter.
 41814 | Shoals:2 | Found a transporter.
 42059 | Shoals:2 | Found a hide-covered altar of Uskayaw.
 42065 | Shoals:2 | Reached skill level 17 in Long Blades
 42244 | Shoals:2 | Identified the +10 fustibalus of Freehold {velocity, rElec
                  | rPois rC- MR+}
 42451 | Shoals:2 | You fall through a shaft!
 42452 | Shoals:3 | Found Cuosoxze's Weapon Shop.
 42662 | Shoals:2 | Found a transporter.
 42781 | Shoals:2 | Got an ancient zirconium amulet
 42782 | Shoals:2 | Identified the amulet "Ichiczak" {Inacc *Drain rN+ MR-
                  | Int+7} (You found it on level 2 of the Shoals)
 43310 | Shoals:3 | Received a gift from Okawaru
 43699 | Shoals:4 | Entered Level 4 of the Shoals
 44769 | Shoals:4 | Got a barnacled rune of Zot
 45420 | Depths:1 | Entered Level 1 of the Depths
 45567 | Depths:1 | Noticed Mara
 45577 | Depths:1 | Received a gift from Okawaru
 45591 | Depths:1 | Noticed Hasart's illusion
 45601 | Depths:1 | Killed Mara
 45601 | Depths:1 | Received a gift from Okawaru
 45601 | Depths:1 | Gained mutation: You have hoof-like feet. [demonic
                  | ancestry]
 45601 | Depths:1 | Reached XP level 19. HP: 64/152 MP: 25/25
 45649 | Depths:1 | Received a gift from Okawaru
 45781 | Depths:1 | Noticed Saint Roka
 45800 | Depths:1 | Killed Saint Roka
 45870 | Depths:1 | Found a corrupted altar of Lugonu.
 45870 | Depths:1 | Found a one-way gate to the infinite horrors of the Abyss.
 46583 | Depths:1 | Found a gateway to Hell.
 46891 | Elf:1    | Entered Level 1 of the Elven Halls
 46915 | Elf:1    | Found a radiant altar of Vehumet.
 46932 | Elf:1    | Reached skill level 18 in Long Blades
 46934 | Elf:1    | Noticed Nikola
 46945 | Elf:1    | Killed Nikola
 47205 | Elf:1    | Identified the Guide on Companions
 47268 | Elf:1    | Received a gift from Okawaru
 47339 | Elf:1    | Found a shimmering altar of Xom.
 47448 | Elf:1    | Found Egahel's Book Emporium.
 48237 | Elf:2    | Found Ziediad's Gadget Shop.
 48238 | Elf:2    | Found Syphaum's Jewellery Shoppe.
 48238 | Elf:2    | Found Cug Xenoy's Gadget Shop.
 48361 | Elf:2    | Reached skill level 1 in Spellcasting
 48423 | Elf:2    | Found a huge runed translucent gate.
 48423 | Elf:2    | Found a huge runed translucent gate.
 48423 | Elf:2    | Found a huge runed translucent gate.
 48424 | Elf:2    | Found a huge runed translucent gate.
 48424 | Elf:2    | Found a huge runed translucent gate.
 48739 | Elf:2    | Got an ancient helmet
 48740 | Elf:2    | Identified the -2 helmet of Ikuxoeg {Dex+7} (You found it
                  | on level 2 of the Elven Halls)
 49449 | Elf:3    | Entered Level 3 of the Elven Halls
 49744 | Elf:3    | Received a gift from Okawaru
 49839 | Elf:3    | Gained mutation: You resist negative energy. (rN+) [demonic
                  | ancestry]
 49839 | Elf:3    | Reached XP level 20. HP: 161/161 MP: 26/26
 51084 | Elf:3    | Received a gift from Okawaru
 51335 | Elf:3    | Identified the +3 leather armour of a sewer {*Corrode +Inv
                  | rPois SInv}
 51418 | Elf:3    | Reached skill level 15 in Fighting
 51564 | Elf:3    | Identified the cursed +0 ring mail of Tempters {rElec
                  | Dex+3}
 51575 | Elf:3    | Found the +8 glaive of the Guard {elec, +Rage AC+5 SInv}
 51583 | Elf:3    | Got a translucent bronze ring
 51591 | Elf:3    | Got a vibrating turquoise ring
 51605 | Elf:3    | Identified the +0 scale mail of the Castellan {+Fly rPois
                  | rN+ MR-} (You found it on level 3 of the Elven Halls)
 51909 | Lair:3   | Identified the +1 chain mail "Hagaic" {rPois rCorr MP-9
                  | Str+4} (You found it on level 3 of the Lair of Beasts)
 51929 | Lair:3   | Identified the ring of Peareasm {rElec rPois AC+5 Slay+2}
                  | (You found it on level 3 of the Elven Halls)
 51930 | Lair:3   | Identified the ring "Pefesoca" {*Slow +Fly Int+2 Stlth+}
                  | (You found it on level 3 of the Elven Halls)
 52067 | Vaults:1 | Entered Level 1 of the Vaults
 53368 | Vaults:1 | Found Ziabi's Armour Shoppe.
 53379 | Vaults:1 | Reached skill level 10 in Invocations
 53995 | Vaults:2 | Received a gift from Okawaru
 54094 | Vaults:2 | Identified the +1 pair of boots of Uklihiq {Int+4} (Okawaru
                  | gifted it to you on level 2 of the Vaults)
 54311 | Vaults:2 | Gained mutation: You are somewhat able to resist unholy
                  | torments (1 in 2 success). [demonic ancestry]
 54311 | Vaults:2 | Reached XP level 21. HP: 168/168 MP: 28/28
 54398 | Vaults:2 | Found a staircase to the Crypt.
 54451 | Vaults:2 | Reached skill level 19 in Long Blades
 54929 | Vaults:2 | Found Nailo Xon's Assorted Antiques.
 54935 | Vaults:2 | Bought a steaming brass amulet for 170 gold pieces
 54935 | Vaults:2 | Bought a scroll labeled ZESHUAFEMU for 34 gold pieces
 54937 | Vaults:2 | Identified the -5 pair of boots "Fynoe" {*Slow MR- rCorr
                  | Int+8} (You acquired it on level 2 of the Vaults)
 54938 | Vaults:2 | Identified the amulet of Dawn {Gourm rF+} (You bought it in
                  | a shop on level 2 of the Vaults)
 55586 | Vaults:3 | Reached skill level 5 in Spellcasting
 55686 | Vaults:3 | Found Qixtu's Assorted Antiques.
 55692 | Vaults:3 | Bought a scroll labeled RUYWEGG QEEPS for 36 gold pieces
 55692 | Vaults:3 | Bought a potion of heal wounds for 180 gold pieces
 55692 | Vaults:3 | Bought a scroll of teleportation for 108 gold pieces
 56092 | Vaults:3 | Found Jial's Food Shoppe.
 56112 | Vaults:3 | Found Ysedghiyq's Assorted Antiques.
 56269 | Vaults:3 | Found Omiveep's Distillery.
 56275 | Vaults:3 | Bought a potion of curing for 39 gold pieces
 57475 | Vaults:4 | Received a gift from Okawaru
 57860 | Vaults:4 | Reached XP level 22. HP: 177/177 MP: 31/31
 58545 | Vaults:4 | Found a runed translucent door.
 58547 | Vaults:4 | Noticed Norchuf's ghost (adept MiFi)
 59097 | Vaults:4 | Killed Norchuf's ghost
 59133 | Vaults:5 | Entered Level 5 of the Vaults
 59162 | Vaults:5 | Received a gift from Okawaru
 59228 | Vaults:5 | Got a pair of translucent gloves {god gift}
 59229 | Vaults:5 | Identified the +2 pair of gloves of the Endless Orbs {rN+++
                  | MR- Str+4 Dex-2} (Okawaru gifted it to you on level 5 of
                  | the Vaults)
 59267 | Vaults:5 | Got a silver rune of Zot
 59402 | Vaults:5 | Reached skill level 15 in Armour
 59446 | Vaults:5 | Reached skill level 15 in Shields
 59450 | Vaults:5 | Reached skill level 20 in Long Blades
 59650 | Vaults:5 | Noticed Mennas
 59686 | Vaults:5 | Killed Mennas
 59914 | Vaults:5 | Received a gift from Okawaru
 59918 | Vaults:5 | Noticed a golden dragon
 59938 | Vaults:5 | Killed a golden dragon
 59938 | Vaults:5 | Gained mutation: You are powered by pain. [demonic
                  | ancestry]
 59938 | Vaults:5 | Reached XP level 23. HP: 185/185 MP: 34/34
 60346 | Vaults:5 | Received a gift from Okawaru
 60836 | Vaults:5 | Identified the +12 executioner's axe of Giuqen {speed, rF+
                  | Str+6} (You found it on level 5 of the Vaults)
 61200 | Vaults:5 | Identified the +5 large shield of Zyucvyuwapp {Dex+5
                  | Stlth+} (Okawaru gifted it to you on level 5 of the Vaults)
 61263 | Vaults:5 | Found Fonyduv's Armour Shop.
 61267 | Vaults:5 | Identified the Almanac of Flight
 63226 | Depths:3 | Reached skill level 15 in Dodging
 63344 | Depths:3 | Found a gateway to a ziggurat.
 63371 | Depths:3 | Found a one-way gate leading to the halls of Pandemonium.
 63470 | Depths:3 | Reached skill level 21 in Long Blades
 63521 | Depths:3 | Noticed Bai Suzhen
 63543 | Depths:3 | Killed Bai Suzhen
 63543 | Depths:3 | Received a gift from Okawaru
 63559 | Depths:3 | Reached XP level 24. HP: 169/195 MP: 36/36
 64215 | Depths:3 | Received a gift from Okawaru
 64223 | Depths:3 | Noticed a juggernaut
 64236 | Depths:3 | Killed a juggernaut
 64602 | Depths:3 | Noticed a juggernaut
 64603 | Depths:3 | Paralysed by a floating eye for 3 turns
 64714 | Depths:3 | Killed a juggernaut
 64714 | Depths:3 | Reached skill level 10 in Spellcasting
 64717 | Depths:3 | Paralysed by a floating eye for 4 turns
 64731 | Depths:3 | Paralysed by a floating eye for 2 turns
 64736 | Depths:3 | Paralysed by a floating eye for 4 turns
 64753 | Depths:3 | Paralysed by a floating eye for 2 turns
 64760 | Depths:3 | Paralysed by a floating eye for 3 turns
 64762 | Depths:3 | Cast into level 3 of the Abyss (two-headed ogre)
 65135 | Abyss:3  | Received a gift from Okawaru
 65344 | Abyss:3  | Noticed an ancient lich
 65352 | Abyss:3  | Killed an ancient lich
 65457 | Abyss:3  | Got an abyssal rune of Zot
 65746 | Abyss:3  | Received a gift from Okawaru
 65891 | Abyss:3  | Gained mutation: Your magical capacity is low. (-10% MP) [a
                  | neqoxec]
 65893 | Abyss:3  | Gained mutation: Your body sometimes deteriorates upon
                  | taking damage. [a neqoxec]
 65894 | Abyss:3  | Gained mutation: Your magical capacity is very low. (-20%
                  | MP) [a neqoxec]
 65902 | Depths:3 | Escaped the Abyss
 65905 | Depths:3 | Paralysed by a floating eye for 2 turns
 65923 | Depths:3 | Gained mutation: You have hooves in place of feet. [demonic
                  | ancestry]
 65923 | Depths:3 | Reached XP level 25. HP: 203/203 MP: 29/29
 66168 | Depths:4 | Paralysed by a floating eye for 2 turns
 66322 | Depths:4 | Paralysed by a floating eye for 3 turns
 66347 | Depths:4 | Found Bikoatyo's Gadget Shoppe.
 66395 | Depths:4 | Reached skill level 22 in Long Blades
 66410 | Depths:4 | Paralysed by a floating eye for 3 turns
 66418 | Depths:4 | Identified the +10 dagger of Eternal Vigilance {elec, +Fly
                  | rF+}
 66446 | Depths:4 | Received a gift from Okawaru
 67297 | Depths:5 | Entered Level 5 of the Depths
 67311 | Depths:5 | Found an ancient bone altar of Kikubaaqudgha.
 67378 | Depths:5 | Found a flickering gateway to a bazaar.
 67399 | Bazaar   | Entered a bazaar
 67401 | Bazaar   | Found Laeh's Distillery.
 67405 | Bazaar   | Found Nil Qero's Distillery.
 67406 | Bazaar   | Found Myer's Food Boutique.
 67407 | Bazaar   | Found Xocyexkujur's Food Boutique.
 67427 | Bazaar   | Bought a potion of heal wounds for 55 gold pieces
 67427 | Bazaar   | Bought a potion of heal wounds for 55 gold pieces
 67427 | Bazaar   | Bought a potion of heal wounds for 55 gold pieces
 67427 | Bazaar   | Bought a potion of curing for 33 gold pieces
 67427 | Bazaar   | Bought a potion of cancellation for 88 gold pieces
 67427 | Bazaar   | Bought a potion of heal wounds for 55 gold pieces
 67427 | Bazaar   | Bought a potion of haste for 110 gold pieces
 67427 | Bazaar   | Bought a potion of curing for 33 gold pieces
 67432 | Bazaar   | Bought a potion of haste for 110 gold pieces
 67432 | Bazaar   | Bought a potion of curing for 33 gold pieces
 67432 | Bazaar   | Bought a potion of heal wounds for 55 gold pieces
 67432 | Bazaar   | Bought a potion of curing for 33 gold pieces
 67432 | Bazaar   | Bought a potion of haste for 110 gold pieces
 67432 | Bazaar   | Bought a potion of curing for 33 gold pieces
 67432 | Bazaar   | Bought a potion of curing for 33 gold pieces
 67656 | Depths:5 | Noticed Jory
 67673 | Depths:5 | Killed Jory
 67690 | Depths:5 | Found a gate to the Realm of Zot.
 68523 | Depths:5 | Identified the +1 shortbow "Fyofiuro" {speed, *Slow rC++
                  | MR++}
 68879 | D:5      | Fell from the grace of Okawaru
 68879 | D:5      | Became a worshipper of Makhleb the Destroyer
 69140 | Crypt:1  | Entered Level 1 of the Crypt
 69343 | Crypt:1  | Reached * piety under Makhleb
 69909 | Crypt:2  | Learned a level 2 spell: Swiftness
 69913 | Crypt:2  | Learned a level 3 spell: Regeneration
 70089 | Crypt:2  | Reached skill level 1 in Necromancy
 70095 | Crypt:2  | Reached ** piety under Makhleb
 70104 | Crypt:2  | Got a wavering tin ring
 70105 | Crypt:2  | Identified the ring of Ketonops {rN+ MP+9 Int+5 Dex+3} (You
                  | found it on level 2 of the Crypt)
 70267 | Crypt:2  | Gained mutation: Your melee attacks may debilitate your
                  | foes. [demonic ancestry]
 70267 | Crypt:2  | Reached XP level 26. HP: 213/213 MP: 29/29
 70274 | Crypt:2  | Reached skill level 1 in Charms
 70276 | Crypt:2  | Reached skill level 1 in Air Magic
 70755 | Crypt:3  | Entered Level 3 of the Crypt
 71204 | Crypt:3  | Got a faintly glowing amber ring
 71204 | Crypt:3  | Got a sparkling amber ring
 71204 | Crypt:3  | Got a coiled gossamer ring
 71205 | Crypt:3  | Identified the ring "Teciost" {rC+ rN+ Int+5} (You found it
                  | on level 3 of the Crypt)
 71206 | Crypt:3  | Identified the ring of Kikubaaqudgha's Favour {rF+ rN+
                  | Str+2} (You found it on level 3 of the Crypt)
 71207 | Crypt:3  | Identified the ring "Puda" {rElec rF+++ rC- rN+ MR+} (You
                  | found it on level 3 of the Crypt)
 71354 | Crypt:3  | Reached *** piety under Makhleb
 71727 | Crypt:3  | Found an ancient bone altar of Kikubaaqudgha.
 71789 | Crypt:3  | Gained mutation: You are dopey. (Int -2) [a cacodemon]
 71818 | Crypt:3  | Noticed an ancient lich
 71835 | Crypt:3  | Killed an ancient lich
 72404 | Crypt:3  | Reached **** piety under Makhleb
 72514 | Crypt:3  | Found a staircase to the Tomb.
 73287 | Hell     | Entered the Vestibule of Hell
 73287 | Hell     | Noticed Geryon
 73506 | Hell     | Reached skill level 23 in Long Blades
 73612 | Hell     | Killed Geryon
 73648 | Hell     | Reached ***** piety under Makhleb
 73893 | Hell     | Reached skill level 5 in Necromancy
 73895 | Hell     | Found a gateway to the freezing wastes of Cocytus.
 74103 | Hell     | Found a gateway to the Iron City of Dis.
 74232 | Hell     | Found a gateway to the ashen valley of Gehenna.
 74342 | Hell     | Found a gateway to the decaying netherworld of Tartarus.
 74478 | Hell     | Cast into level 4 of the Abyss (a distortion unwield)
 74478 | Abyss:4  | Found a bloodstained altar of Trog.
 74478 | Abyss:4  | Found a corrupted altar of Lugonu.
 74721 | Abyss:4  | Reached ****** piety under Makhleb
 74732 | Hell     | Escaped the Abyss
 74748 | Coc:1    | Entered Level 1 of Cocytus
 74758 | Coc:1    | Gained mutation: You are completely attuned to the shadows.
                  | [demonic ancestry]
 74758 | Coc:1    | Reached XP level 27. HP: 220/220 MP: 29/29
 75287 | Coc:4    | Reached skill level 5 in Charms
 75333 | Coc:4    | Reached skill level 5 in Air Magic
 75663 | Coc:7    | Entered Level 7 of Cocytus
 75786 | Coc:7    | Gained mutation: Potions are less effective at restoring
                  | your health. [mutagenic glow]
 76576 | Coc:7    | Noticed Antaeus
 76622 | Coc:7    | Killed Antaeus
 76652 | Coc:7    | Got a vibrating wooden ring
 76662 | Coc:7    | Identified the ring "Ythoy" {*Contam rF+ MP+9 Dex+6} (You
                  | found it on level 7 of Cocytus)
 76675 | Coc:7    | Got an icy rune of Zot
 76908 | Geh:1    | Entered Level 1 of Gehenna
 77537 | Geh:3    | Was forgiven by Okawaru
 77615 | Geh:3    | Cast into level 2 of the Abyss (hell knight)
 77679 | Geh:3    | Escaped the Abyss
 77935 | Geh:4    | Reached skill level 24 in Long Blades
 78791 | Geh:6    | Upgraded the game from 0.24-a0-271-ga0fc33f to
                  | 0.24-a0-272-g1411513
 78991 | Geh:7    | Entered Level 7 of Gehenna
 79688 | Geh:7    | Noticed the Serpent of Hell
 79704 | Geh:7    | Killed the Serpent of Hell
 79757 | Geh:7    | HP: 7/218 [balrug/bolt of fire (13)]
 79761 | Geh:7    | Killed from afar by a Brimstone Fiend

Levels and vault maps discovered:
D:1:      lemuel_arrival_tunnels, layout_loops_corners, serial_bayou_ford_a
D:2:      cheibrodos_fertilizer, layout_basic, overflow_temple_1_default,
          kiku_gazebo_garden_becter, chequers_ecumenical_altar_simple, hex_tiny,
          chequers_serial_rivers_micro_e
D:3:      layout_loops_ring, first_ration
D:4:      cheibrodos_helix_gallery, layout_loops_ring
D:5:      layout_rooms, dancing_weapons_uskayaw,
          nicolae_overflow_quartered_altars,
          minmay_temple_entry_statues_fountains, gup_sewer_entry_pipe,
          minivault_1
D:6:      layout_basic, uniq_prince_ribbit1
D:7:      layout_basic, kennysheep_mini, kennysheep_mini_moat, grunt_livestock,
          minivault_4
D:8:      layout_layer_cave
D:9:      layout_gridville, yredelemnul_altar_generic,
          kennysheep_decorative_pillar
D:10:     layout_gridville, grunt_dithmenos_smoke_and_mirrors
D:11:     layout_roguey, lair_entry_dummy, orc_0_dummy,
          portal_ice_cave_entry_imps, enter_trove_1, serial_shops, shop,
          shop_coins, shop
D:12:     layout_cave_pods, kennysheep_generic_room_5, uniq_frances
D:13:     layout_roguey
D:14:     layout_rooms, david_vaults_2, grunt_decor_cap,
          kennysheep_generic_room_11
D:15:     gammafunk_enter_depths_forms, layout_cave_pods, corexii_hall_statues_l
Temple:   hc_temple_tempest_star
Lair:1:   layout_cave_pods, minmay_lair_oklob_chamber, grunt_megastairs_3,
          uniq_erica
Lair:2:   layout_cave_pods, minmay_snake_entry_guardpost_small,
          serial_bayou_shore_b
Lair:3:   layout_small_grid, minivault_26, uniq_sonja
Lair:4:   layout_long_grid, elwin_shoals_entry_rooms,
          hangedman_lair_unloving_vines, minmay_another_anthill
Lair:5:   layout_roguey, uniq_josephine
Lair:6:   hangedman_lair_in_review, layout_long_grid, guppyfry_lair_end_dragon,
          nicolae_slime_entry_slimehenge, gauntlet_entry_generic,
          lemuel_fruit_fields, infiniplex_staircase_pool
Shoals:1: layout_shoals, serial_shops, shop, gammafunk_ghost_grave
Shoals:2: gammafunk_the_bubble [the_bubble_gammafunk_roulette], layout_shoals,
          regret_index_shoals_crete
Shoals:3: layout_shoals, serial_shops, nicolae_shop_crystal
Shoals:4: shoals_end_simple, layout_shoals
Snake:1:  layout_misc_corridors, grunt_ministairs_6, st_stairs_3, uniq_kirke
Snake:2:  minmay_snake_river, layout_rooms, basic_altar,
          minmay_shop_grid_forest, minmay_snake_pond, serial_bayou_shore_a
Snake:3:  layout_rooms, serial_bayou_pond_c, uniq_vashnia
Snake:4:  johnstein_snake_rune_scales, layout_cave_town, uniq_aizul
Orc:1:    layout_diamond_mine
Orc:2:    st_orc_congregation, layout_caves, serial_shops,
          nicolae_shop_statue_plus, shop_statue, shop,
          chequers_guarded_unrand_ignorance
Elf:1:    eino_elf_arrival_altar, layout_gridlike, serial_shops,
          nicolae_shop_behind_doors, basic_altar, minmay_elf_demonology,
          drop_trap, uniq_nikola
Elf:2:    layout_gridlike, minmay_checkered_concentric_circles,
          minmay_shop_grove
Elf:3:    elf_hall_gauntlet_narrow, layout_geoelf_castle, st_stairs_11
Vaults:1: hangedman_vaults_nails, vaults_room_pool, st_spiral_rooms,
          vaults_room_grunt_arrival_ludios, ontoclasm_vaults_ring_square,
          vaults_room_mumra_shop_pool, ontoclasm_vaults_loading_screen,
          ontoclasm_vaults_hangar, vaults_mumra_chevron,
          nicolae_vaults_specimen_jars, ontoclasm_vaults_fault,
          ontoclasm_vaults_ring_small, layout_vaults_omnigrid
Vaults:2: minmay_crypt_entry_skeletal_spiral, hangedman_vaults_stream,
          v_misc_24, serial_ice_m, vaults_room_ringed_pool, v_alt_pattern_5,
          vaults_room_grid, vaults_mumra_hexcomb, hangedman_vaults_nails,
          vaults_dpeg_cross, layout_vaults_ring, serial_shops, shop_statue
Vaults:3: v_misc_24, nicolae_vaults_little_squares_2, vaults_standard_mumra_x,
          ontoclasm_vaults_claustrophobia, nicolae_vaults_ring_of_whatevers,
          nicolae_vaults_network_periphery, v_alt_pattern_1,
          nicolae_vaults_octagons, nicolae_vaults_little_squares_3,
          layout_vaults_chaotic_city, serial_shops, shop,
          nicolae_shop_overgrown_old_shop, shop_statue, shop
Vaults:4: gammafunk_vaults_ghost_grave, nicolae_vaults_twisting_passages,
          nicolae_vaults_little_squares_1, hangedman_vaults_locks,
          vaults_mumra_lcd, vaults_dpeg_ring, nicolae_vaults_gold_heap,
          dpeg_vaults_monster_doublerow, nicolae_vaults_stairing_the_circle,
          nicolae_vaults_angled_halls, nicolae_vaults_big_ls,
          hangedman_vaults_restitches, vaults_room_door_ring, v_rooms_6,
          ontoclasm_vaults_tryst, layout_vaults_maze
Vaults:5: serial_shops, uniq_mennas
Crypt:1:  layout_misc_corridors, nicolae_crypt_niches
Crypt:2:  layout_basic, due_unseen_surprise
Crypt:3:  quadcrypt_mu
Depths:1: layout_basic, abyss_entry_flame_altar, pf_coc_iceberg,
          dk_noncrumbling_4, drop_trap, evilmike_butchery, uniq_saint_roka,
          uniq_mara
Depths:2: evilmike_lava_path, layout_basic, abyss_entry_crystal, hell_entry,
          infiniplex_staircase_door_maze
Depths:3: grunt_runaround [grunt_runaround_doors_1, grunt_runaround_doors_2,
          grunt_runaround_doors_3, grunt_runaround_doors_4,
          grunt_runaround_loot], hell_entry, pan_entry, uniq_bai_suzhen
Depths:4: grunt_x_marks_the_spot, layout_cave_pools, hell_entry,
          grunt_pan_entry_sceptre, abyss_entry, hangedman_decor_peaks_small,
          serial_shops, shop
Depths:5: grunt_zot_entry_tricorne, layout_gridlike,
          pf_vacation_house_of_asmodeus, basic_altar, abyss_entry, serial_shops,
          bzr_entry_water, horrible_house_mu, uniq_jory
Hell
Geh:1:    layout_gehenna_pools_triple, lemuel_old_faithful
Geh:2:    layout_gehenna_pools_basic
Geh:3:    layout_gehenna_lava_caves
Geh:4:    layout_gehenna_pools_basic
Geh:5:    layout_gehenna_lava_caves
Geh:6:    layout_gehenna_lava_caves, lemuel_flamethrower_2
Geh:7:    geh_grunt_pentagon
Coc:1:    layout_cocytus_water_paths
Coc:2:    layout_cocytus_water_paths
Coc:3:    layout_cocytus_water_paths
Coc:4:    layout_cocytus_delve
Coc:5:    layout_cocytus_water_paths
Coc:6:    layout_cocytus_water_paths
Coc:7:    coc_grunt
Abyss:2:  bh_abyss_exit_spiral
Abyss:3
Abyss:4:  minivault_11, bh_abyss_negative
Bazaar:   bazaar_minmay_cross
IceCv:    ice_cave_small_giant
Gauntlet: minmay_gauntlet_mixed_oops_all_seconds
          [minmay_gauntlet_arena_77_shame_cube,
          gammafunk_gauntlet_arena_split_x, minmay_gauntlet_arena_77_mess,
          nicolae_gauntlet_arena_quarters, minmay_gauntlet_arena_77_checkered,
          gammafunk_gauntlet_arena_arrow_garden, gauntlet_exit_hidden_loot]

Skill      XL: |  1  2  3  4  5  6  7  8  9 10 11 12 13 14 15 16 17 18 19 20 21 22 23 24 25 26 27 |
---------------+----------------------------------------------------------------------------------+-----
Long Blades    | 2 3 4 5 6 7 9 10 11 12 13 14 15 16 17 18 19 20 21 22 23 24 | 24.4
Shields        | 3 4 5 6 7 8 9 10 11 12 13 14 15 16 17 18 | 18.5
Armour         | 3 4 5 6 7 8 9 10 11 12 13 14 15 16 17 18 | 18.5
Fighting       | 4 5 6 7 8 9 10 11 12 13 14 15 16 17 18 19 | 19.9
Invocations    | 1 4 5 7 8 10 11 14 | 14.5
Dodging        | 2 4 5 6 7 8 9 10 11 12 13 14 15 16 17 | 17.9
Evocations     | 3 4 5 7 8 |  8.0
Stealth        | 2 4 5 7 8 |  8.0
Spellcasting   | 2 4 6 7 9 10 | 10.0
Necromancy     | 1 5 9 |  9.4
Charms         | 4 7 |  7.9
Air Magic      | 4 7 |  7.9

Action                   |  1- 3 |  4- 6 |  7- 9 | 10-12 | 13-15 | 16-18 | 19-21 | 22-24 | 25-27 || total
-------------------------+-------+-------+-------+-------+-------+-------+-------+-------+-------++-------
Melee: Long sword        |   110 |   115 |   241 |   526 |       |       |       |       |       ||   992
       Scimitar          |       |       |       |   136 |   212 |       |       |       |       ||   348
       Demon blade       |       |       |       |       |   914 |  1456 |  2009 |  1979 |  3142 ||  9500
       Double sword      |       |       |       |       |       |   179 |       |       |   373 ||   552
       Kick              |       |       |       |       |       |       |       |       |  2054 ||  2054
 Cast: Regeneration      |       |       |       |       |       |       |       |       |     3 ||     3
Invok: Heroism           |       |       |       |     1 |     3 |     4 |     1 |       |       ||     9
       Finesse           |       |       |       |     1 |     3 |     6 |     1 |     5 |     2 ||    18
       Greater Servant o |       |       |       |       |       |       |       |       |     2 ||     2
 Abil: Evoke Berserk Rag |       |       |       |     2 |     2 |     1 |       |       |     1 ||     6
Evoke: Wand              |       |       |       |    30 |     4 |       |       |       |     1 ||    35
  Use: Potion            |       |       |       |     9 |     6 |     1 |     1 |       |     6 ||    23
       Scroll            |       |       |       |     1 |    19 |     6 |    13 |    18 |    25 ||    82
 Stab: Sleeping          |     1 |     3 |     5 |    23 |    35 |    29 |    49 |    16 |    18 ||   179
       Distracted        |       |       |       |       |    10 |    10 |     2 |     9 |     8 ||    39
       Petrified         |       |       |       |       |     2 |       |       |       |       ||     2
       Confused          |       |       |       |       |     1 |       |       |     2 |       ||     3
  Eat: Chunk             |     2 |    10 |    12 |    23 |    40 |    26 |    37 |    23 |    14 ||   187
       Ration            |       |       |       |     4 |     3 |     8 |     1 |     2 |    13 ||    31
Armor: Scale mail        |    54 |    39 |    83 |   202 |   229 |   305 |    77 |       |       ||   989
       Skin              |       |       |       |    31 |       |       |       |       |       ||    31
       Chain mail        |       |       |       |       |       |       |   169 |   330 |       ||   499
       Gold dragon scale |       |       |       |       |       |       |       |   195 |  1247 ||  1442
Dodge: Dodged            |    43 |    34 |    84 |   247 |   489 |   749 |   264 |   638 |  1414 ||  3962
Block: Shield            |    67 |    73 |   125 |   383 |   586 |   983 |    67 |       |       ||  2284
       Large shield      |       |       |       |       |       |       |  1584 |  2109 |  4191 ||  7884
       Rpst.: Long sword |    14 |    12 |    28 |    49 |       |       |       |       |       ||   103
       Scimitar          |       |       |       |    10 |    25 |       |       |       |       ||    35
       Demon blade       |       |       |       |       |    83 |   126 |    57 |   103 |   210 ||   579
       Double sword      |       |       |       |       |       |     9 |       |       |    53 ||    62

Table legend:
 A = Non-vault XP
 B = Vault XP
 C = Vault XP percentage of total XP
 D = Non-vault monster count
 E = Vault monster count
 F = Vault count percentage of total count
                 A         B        C        D         E       F
            +---------+---------+-------+---------+---------+-------
      Total | 1031423 |  877509 |  46.0 |    2109 |    1136 |  35.0
            +---------+---------+-------+---------+---------+-------
        D:1 |      26 |       0 |   0.0 |      16 |       0 |   0.0
        D:2 |      28 |     187 |  87.0 |      13 |      17 |  56.7
        D:3 |      63 |       0 |   0.0 |      21 |       0 |   0.0
        D:4 |     178 |      55 |  23.6 |       4 |       2 |  33.3
        D:5 |     880 |      16 |   1.8 |      32 |       6 |  15.8
        D:6 |     242 |     277 |  53.4 |       5 |       1 |  16.7
        D:7 |    1284 |     981 |  43.3 |      12 |       5 |  29.4
        D:8 |    1795 |       0 |   0.0 |      19 |       0 |   0.0
        D:9 |    4755 |       0 |   0.0 |      25 |       0 |   0.0
       D:10 |    3552 |       0 |   0.0 |      25 |       0 |   0.0
       D:11 |    1631 |     121 |   6.9 |      19 |      12 |  38.7
       D:12 |    2053 |    2420 |  54.1 |      17 |       3 |  15.0
       D:13 |    5076 |       0 |   0.0 |      18 |       0 |   0.0
       D:14 |   12030 |     959 |   7.4 |      42 |       3 |   6.7
       D:15 |   13483 |    4605 |  25.5 |      34 |      13 |  27.7
     Lair:1 |    1891 |    2405 |  56.0 |       6 |       3 |  33.3
     Lair:2 |    5236 |     491 |   8.6 |      20 |       3 |  13.0
     Lair:3 |    2391 |    2311 |  49.1 |      13 |       5 |  27.8
     Lair:4 |     476 |    4906 |  91.2 |       4 |      27 |  87.1
     Lair:5 |   13636 |    1622 |  10.6 |      38 |       4 |   9.5
     Lair:6 |   12005 |   15097 |  55.7 |      34 |      34 |  50.0
   Shoals:1 |   11496 |       0 |   0.0 |      24 |       0 |   0.0
   Shoals:2 |   19520 |   19204 |  49.6 |      45 |      31 |  40.8
   Shoals:3 |    8308 |       0 |   0.0 |      17 |       0 |   0.0
   Shoals:4 |   14724 |   17059 |  53.7 |      32 |      28 |  46.7
    Snake:1 |   11851 |    4953 |  29.5 |      24 |       7 |  22.6
    Snake:2 |   20765 |    4079 |  16.4 |      42 |      20 |  32.3
    Snake:3 |   18508 |    5940 |  24.3 |      35 |       3 |   7.9
    Snake:4 |   24554 |   38061 |  60.8 |      49 |      57 |  53.8
      Orc:1 |    2714 |    3207 |  54.2 |      12 |       7 |  36.8
      Orc:2 |    2866 |   10047 |  77.8 |      28 |      57 |  67.1
      Elf:1 |   13553 |   10896 |  44.6 |      27 |      13 |  32.5
      Elf:2 |    5902 |   24992 |  80.9 |      12 |      34 |  73.9
      Elf:3 |   28612 |   33563 |  54.0 |      48 |      26 |  35.1
   Vaults:1 |   25924 |   16501 |  38.9 |      46 |      22 |  32.4
   Vaults:2 |   37896 |   19889 |  34.4 |      66 |      33 |  33.3
   Vaults:3 |   26179 |   16365 |  38.5 |      39 |      35 |  47.3
   Vaults:4 |   30970 |   50163 |  61.8 |      53 |      55 |  50.9
   Vaults:5 |   32635 |  118904 |  78.5 |      36 |      82 |  69.5
    Crypt:1 |   20977 |       0 |   0.0 |      44 |       0 |   0.0
    Crypt:2 |   22640 |    5237 |  18.8 |      33 |       7 |  17.5
    Crypt:3 |       0 |   67091 | 100.0 |       0 |      79 | 100.0
   Depths:1 |   29048 |   15677 |  35.1 |      46 |      15 |  24.6
   Depths:2 |   44170 |   19144 |  30.2 |      56 |      17 |  23.3
   Depths:3 |    3977 |  136524 |  97.2 |       5 |     117 |  95.9
   Depths:4 |   34373 |   36110 |  51.2 |      45 |      42 |  48.3
   Depths:5 |   18314 |   29973 |  62.1 |      19 |      23 |  54.8
       Hell |   38166 |   40648 |  51.6 |      53 |      63 |  54.3
      Geh:1 |    8301 |       0 |   0.0 |      36 |       0 |   0.0
      Geh:2 |   18196 |       0 |   0.0 |      35 |       0 |   0.0
      Geh:3 |   47790 |       0 |   0.0 |      93 |       0 |   0.0
      Geh:4 |   36133 |       0 |   0.0 |      77 |       0 |   0.0
      Geh:5 |   40209 |       0 |   0.0 |      87 |       0 |   0.0
      Geh:6 |   23293 |       0 |   0.0 |      38 |       0 |   0.0
      Geh:7 |   51647 |   23720 |  31.5 |     100 |      17 |  14.5
      Coc:1 |   22384 |       0 |   0.0 |      43 |       0 |   0.0
      Coc:2 |    7432 |       0 |   0.0 |      12 |       0 |   0.0
      Coc:4 |   19703 |       0 |   0.0 |      37 |       0 |   0.0
      Coc:5 |   10356 |       0 |   0.0 |      11 |       0 |   0.0
      Coc:6 |    8473 |       0 |   0.0 |      28 |       0 |   0.0
      Coc:7 |   48199 |   45178 |  48.4 |      48 |      30 |  38.5
    Abyss:2 |     548 |       0 |   0.0 |       3 |       0 |   0.0
    Abyss:3 |   47264 |    9212 |  16.3 |      86 |      26 |  23.2
    Abyss:4 |   10142 |    2071 |  17.0 |      22 |       6 |  21.4
      IceCv |       0 |    9903 | 100.0 |       0 |      36 | 100.0
   Gauntlet |       0 |    6745 | 100.0 |       0 |      10 | 100.0
            +---------+---------+-------+---------+---------+-------
